 Dungeon Crawl Stone Soup version 0.25.1-2-g60ff931df9 (webtiles) character file.

Game seed: 9068340525565824652

31549 DearestLeader the Devastator (level 13, -9/113 HPs)
             Began as a Pale Draconian Conjurer on Oct 29, 2020.
             Was a High Priest of Vehumet.
             Mangled by a tyrant leech (30 damage)
             ... on level 4 of the Lair of Beasts on Oct 30, 2020.
             The game lasted 00:47:38 (20713 turns).

DearestLeader the Devastator (DrCj)                Turns: 20713, Time: 00:47:39

Health: -9/113     AC: 16    Str: 10    XL:     13   Next: 26%
Magic:  12/25      EV: 15    Int: 22    God:    Vehumet [*****.]
Gold:   1193       SH:  0    Dex: 17    Spells: 12/29 levels left

rFire    + . .     SeeInvis +   F - +7 morningstar of Bisech {elec, Fragile rC+ MR+ Dex+4}
rCold    + + .     Gourm    .   (no shield)
rNeg     . . .     Faith    .   (armour unavailable)
rPois    +         Spirit   .   I - +2 hat {SInv}
rElec    .         Reflect  .   K - +2 cloak
rCorr    .         Harm     .   g - +2 pair of gloves
MR       +....                  (no boots)
Stlth    ++........             R - amulet of regeneration
HPRegen  0.68/turn              P - ring "Quxi" {+Blink rPois rC+ Dex+2}
MPRegen  0.19/turn              n - ring of protection from fire

@: about to teleport
A: breathe steam, unfitting armour, cold-blooded, AC +8
a: Breathe Steam, Renounce Religion, Evoke Blink


You were on level 4 of the Lair of Beasts.
You worshipped Vehumet.
Vehumet was extremely pleased with you.
You were hungry.

You visited 2 branches of the dungeon, and saw 15 of its levels.
You also visited: Sewer and Ice Cave.

You collected 1193 gold pieces.

Inventory:

Hand Weapons
 F - the +7 morningstar of Bisech (weapon) {elec, Fragile rC+ MR+ Dex+4}
   (You found it on level 8 of the Dungeon)

   Occasionally, upon striking a foe, it will discharge some electrical energy
   and cause terrible harm.
   It affects your dexterity (+4).
   It protects you from cold.
   It affects your resistance to hostile enchantments.
   It will be destroyed if unequipped.
 J - a +4 dagger of venom
Armour
 g - a +2 pair of gloves (worn)
 v - a scarf of harm
 I - a +2 hat of see invisible (worn)
 K - a +2 cloak (worn)
Jewellery
 c - an uncursed ring of flight
 j - a +6 ring of dexterity
 n - a ring of protection from fire (right hand)
 o - an uncursed ring of positive energy
 M - an uncursed ring of positive energy
 P - the ring "Quxi" (left hand) {+Blink rPois rC+ Dex+2}
   (You found it on level 2 of the Lair of Beasts)

   [ring of protection from cold]

   It affects your dexterity (+2).
   It protects you from cold.
   It protects you from poison.
   It lets you blink.
 R - an amulet of regeneration (around neck)
Wands
 m - a wand of flame (17)
 p - a wand of polymorph (17)
 A - a wand of paralysis (13)
 H - a wand of iceblast (8)
Scrolls
 h - 2 scrolls of blinking {unknown}
 k - 5 scrolls of remove curse
 l - 3 scrolls of enchant weapon
 s - 3 scrolls of fog
 t - 2 scrolls of amnesia {unknown}
 u - 3 scrolls of magic mapping
 x - 3 scrolls of teleportation
 y - 2 scrolls of immolation {unknown}
 E - 2 scrolls of fear
 N - a scroll of noise {unknown}
 Q - 2 scrolls of vulnerability {unknown}
Potions
 a - a potion of resistance {unknown}
 d - 3 potions of lignification {unknown}
 e - 4 potions of heal wounds
 f - 7 potions of magic
 i - 4 potions of degeneration
 q - 5 potions of mutation
 r - 4 potions of curing
 w - 4 potions of flight
 z - 2 potions of brilliance {unknown}
 B - 2 potions of haste {unknown}
 D - a potion of might {unknown}
 G - 3 potions of berserk rage
 L - 2 potions of stabbing {unknown}
 O - a potion of invisibility {unknown}
Comestibles
 b - 35 rations


   Skills:
 - Level 10.0 Fighting
 + Level 4.4 Dodging
 - Level 1.7 Stealth
 + Level 8.5 Spellcasting
 * Level 15.2 Conjurations
 - Level 6.0 Hexes
 * Level 2.4 Transmutations
 + Level 4.4 Fire Magic
 * Level 5.9 Poison Magic


You had 12 spell levels left.
You knew the following spells:

 Your Spells              Type           Power        Failure   Level  Hunger
a - Magic Dart            Conj           ####         0%          1    None
b - Searing Ray           Conj           ######       0%          2    None
c - Fulminant Prism       Conj/Hex       ######....   1%          4    ###....
d - Dazzling Flash        Conj/Hex       ######       1%          3    None
e - Olgreb's Toxic Radia  Pois           #####...     1%          4    ###....
f - Ignite Poison         Fire/Tmut/Pois ####....     1%          3    None

Your spell library contained the following spells:

 Spells                   Type           Power        Failure   Level  Hunger
 Sticky Flame             Conj/Fire      ######..     1%          4    ###....
 Corona                   Hex            #####..      1%          1    None
 Sandblast                Erth           #.....       1%          1    None
 Sting                    Tmut/Pois      ####         1%          1    None
 Confusing Touch          Hex            #####...     1%          3    None
 Mephitic Cloud           Conj/Pois/Air  #####...     1%          3    None
 Stone Arrow              Conj/Erth      #####.       1%          3    None
 Tukima's Dance           Hex            #####...     1%          3    None
 Iskenderun's Mystic Bla  Conj/Tloc      #####...     1%          4    ###....
 Ensorcelled Hibernation  Hex/Ice        ###...       3%          2    None
 Poisonous Vapours        Pois/Air       ###...       3%          2    None
 Passwall                 Tmut/Erth      ##......     6%          2    None
 Animate Skeleton         Necr           N/A          7%          1    None
 Apportation              Tloc           #.....       7%          1    None
 Pain                     Necr           #...         7%          1    None
 Summon Small Mammal      Summ           #...         7%          1    None
 Vampiric Draining        Necr           #.........   22%         3    None
 Petrify                  Tmut/Erth      ##......     38%         4    ###....
 Lee's Rapid Deconstruct  Erth           #.........   43%         5    #####..
 Animate Dead             Necr           N/A          56%         4    ###....
 Agony                    Necr           #.......     89%         5    #####..


Dungeon Overview and Level Annotations

Branches:
Dungeon (11/15)            Temple (0/1) D:5            Lair (4/6) D:11
  Swamp (0/4) Lair:4       Spider (0/4) Lair:3          Orc (0/2) D:10
  Sewer (visited)           IceCv (visited)

Altars:
Dithmenos
Okawaru
Ru
Sif Muna
Trog
Vehumet
Yredelemnul
Beogh

Shops:
D:11 (*

Annotations:
D:2 1 runed translucent door, Crazy Yiuf
D:4 2 transporters
D:5 3 runed translucent doors, sirjames's ghost, amateur DECj
D:7 2 transporters
D:10 3 runed translucent doors, ragnag's ghost, journeyman CeHu
Lair:2 exclusion: 3 oklob plants


Innate Abilities, Weirdness & Mutations

You can breathe blasts of scalding, opaque steam.
Your pale cyan-grey scales are hard. (AC +8)
You cannot fit into any form of body armour.
You are cold-blooded and may be slowed by cold attacks.


Message History

The swamp worm fires a harpoon shot at you.
The harpoon shot hits you!!
* * * LOW HITPOINT WARNING * * *
You are yanked forward by the harpoon shot.
The tyrant leech barely misses you. The swamp worm misses you.
The swamp worm fires a harpoon shot at you.
The harpoon shot hits you.
* * * LOW HITPOINT WARNING * * *
You are yanked forward by the harpoon shot.
The swamp worm closely misses you. The swamp worm barely misses you.
You feel much better. The tyrant leech misses you.
The tyrant leech bites you but does no damage.
The swamp worm bites you.
* * * LOW HITPOINT WARNING * * *
As you read the scroll of teleportation, it crumbles to dust.
You feel strangely unstable. The swamp worm misses you.
The swamp worm barely misses you. The tyrant leech bites you!!
You die...

.......## *§≈§**♣#...........P.
........# *♣§§≈≈♣#..............
#.<...### *§§§§≈♣...............
#.....P###♣♣≈≈≈≈≈♣...............
.......(#..♣♣♣♣≈♣♣...............
.P..........♣♣♣♣♣................
.................................
..............#.ww...............
................@w..[............
.................w...............
.................................
.......#...#.....................
#..........##..####...#..........
........#...#.P# ###............
.......#.8.8#..# #..........##.
..............P# #...........#.
........#8.8#### ##...........##


You could see 2 tyrant leeches and 2 swamp worms.

Vanquished Creatures
  Gastronok (D:9)
  Erolcha (D:9)
  Harold (D:9)
  3 hydras
  Erica (D:9)
  2 two-headed ogres
  2 unseen horrors
  A cyclops (D:11)
  3 ugly things
  3 black mambas
  Maurice (D:9)
  6 spiny frogs
  A rime drake (Lair:3)
  2 komodo dragons
  2 ice devils (Lair:4)
  A queen bee (Lair:3)
  A hornet (Lair:3)
  A tyrant leech (Lair:4)
  6 hippogriffs
  13 blink frogs
  19 yaks
  3 hogs (D:8)
  A human (D:8)
  3 fire bats (Lair:3)
  5 basilisks
  A hungry ghost (D:11)
  An acid dragon (D:9)
  4 water moccasins
  10 porcupines
  6 ice beasts (IceCv)
  3 orc warriors
  4 black bears
  2 phantoms
  2 necrophages (D:11)
  5 sky beasts
  8 ogres
  3 wolves (Lair:2)
  7 centaurs
  9 crocodiles
  2 big kobolds
  11 bullfrogs
  A gnoll sergeant (D:5)
  23 killer bees (Lair:3)
  3 scorpions
  3 crimson imps
  A centaur zombie (D:10)
  A bullfrog zombie (D:10)
  3 jellies
  2 bullfrog skeletons
  2 hounds
  5 orc priests
  8 orc wizards
  4 iguanas
  8 worker ants
  A hound zombie (D:5)
  2 hound skeletons
  2 worker ant zombies
  15 adders
  9 gnolls
  A howler monkey skeleton (D:4)
  A river rat (Sewer)
  5 shadow imps
  An ooze (D:2)
  An adder zombie (D:8)
  6 worms
  2 dart slugs
  4 leopard geckos
  23 orcs
  4 giant cockroaches
  9 goblins
  4 hobgoblins
  14 jackals
  17 kobolds
  6 quokkas
  2 ball pythons (Sewer)
  2 bats
  3 frilled lizards
  A jackal zombie (D:9)
  A quokka skeleton (D:7)
  A quokka zombie (D:9)
  14 rats
  A fire vortex (Lair:3)
  A plant (D:11)
378 creatures vanquished.

Vanquished Creatures (others)
  An orc wizard (D:6)
  2 bushes (D:11)
  A fire vortex (Lair:3)
  24 fulminant prisms
  2 fungi (Lair:2)
  19 plants
49 creatures vanquished.

Grand Total: 427 creatures vanquished

Notes
Turn   | Place    | Note
-------+----------+-------------------------------------------
     0 | D:1      | DearestLeader the Draconian Conjurer began the quest for
                  | the Orb.
     0 | D:1      | Reached XP level 1. HP: 14/14 MP: 3/3
   897 | D:1      | Reached XP level 2. HP: 20/20 MP: 1/5
  1665 | D:2      | Learned a level 2 spell: Searing Ray
  1851 | D:2      | Reached XP level 3. HP: 24/26 MP: 3/6
  1870 | D:2      | Reached skill level 5 in Conjurations
  2169 | D:2      | Found a basalt altar of Yredelemnul.
  2521 | D:2      | Found a runed translucent door.
  2522 | D:2      | Noticed Crazy Yiuf
  2980 | D:3      | Reached XP level 4. HP: 33/33 MP: 4/7
  2992 | D:3      | Learned a level 4 spell: Fulminant Prism
  3573 | D:3      | Reached skill level 6 in Conjurations
  3775 | D:4      | Found a transporter.
  3842 | D:4      | Noticed an ogre
  3847 | D:4      | Killed an ogre
  3847 | D:4      | Reached XP level 5. HP: 38/38 MP: 3/9
  3917 | D:4      | Found a transporter.
  4261 | D:4      | Found a radiant altar of Vehumet.
  4272 | D:4      | Became a worshipper of Vehumet
  4628 | D:5      | Entered Level 5 of the Dungeon
  4637 | D:5      | Reached XP level 6. HP: 38/45 MP: 4/10
  4659 | D:5      | Learned a level 3 spell: Dazzling Flash
  4805 | D:5      | Reached skill level 7 in Conjurations
  4831 | D:5      | Found an iron altar of Okawaru.
  4845 | D:5      | Noticed a sky beast
  4856 | D:5      | Killed a sky beast
  4856 | D:5      | Reached skill level 1 in Hexes
  4915 | D:5      | Your scales start taking on a pale cyan-grey colour.
  4915 | D:5      | Reached XP level 7. HP: 21/50 MP: 4/11
  5103 | D:5      | Found a runed translucent gate.
  5103 | D:5      | Found a runed translucent gate.
  5103 | D:5      | Found a runed translucent gate.
  5128 | D:5      | Found a glowing drain.
  5141 | Sewer    | Entered a sewer
  5384 | Sewer    | Reached * piety under Vehumet
  5384 | Sewer    | Offered knowledge of Shock by Vehumet.
  5449 | Sewer    | Reached skill level 8 in Conjurations
  5641 | D:5      | Noticed sirjames's ghost (amateur DECj)
  5644 | D:5      | Found a roughly hewn altar of Beogh.
  5644 | D:5      | Identified the +4 scale mail of the Evening Star {Int+2}
  5812 | D:5      | Found a shadowy altar of Dithmenos.
  5857 | D:5      | Found a staircase to the Ecumenical Temple.
  6083 | D:6      | Reached skill level 9 in Conjurations
  6083 | D:6      | Reached XP level 8. HP: 55/57 MP: 3/12
  6417 | D:6      | Found a shimmering blue altar of Sif Muna.
  6636 | D:6      | Offered knowledge of Freeze by Vehumet.
  6754 | D:6      | Reached ** piety under Vehumet
  7022 | D:6      | Reached skill level 10 in Conjurations
  7714 | D:7      | Reached skill level 5 in Hexes
  7714 | D:7      | Reached XP level 9. HP: 62/62 MP: 6/13
  7918 | D:7      | Reached skill level 11 in Conjurations
  7929 | D:7      | Noticed a deep elf mage
  8133 | D:7      | Offered knowledge of Static Discharge by Vehumet.
  8373 | D:7      | Found a transporter.
  8377 | D:7      | Noticed a gargoyle
  8522 | D:7      | Noticed a two-headed ogre
  8640 | D:7      | Found a transporter.
  9007 | D:8      | Reached *** piety under Vehumet
  9741 | D:8      | Reached skill level 1 in Fighting
  9786 | D:8      | Found a bloodstained altar of Trog.
  9805 | D:8      | Got a polished morningstar
  9805 | D:8      | Identified the +7 morningstar of Bisech {elec, Fragile rC+
                  | MR+ Dex+4} (You found it on level 8 of the Dungeon)
 10020 | D:8      | Reached XP level 10. HP: 18/77 MP: 3/17
 10558 | D:9      | Found a sacrificial altar of Ru.
 10584 | D:9      | Noticed Erolcha
 10595 | D:9      | Paralysed by Erolcha for 6 turns
 10601 | D:9      | Killed Erolcha
 10601 | D:9      | Reached skill level 5 in Spellcasting
 10601 | D:9      | Reached skill level 12 in Conjurations
 10659 | D:9      | Noticed Gastronok
 10683 | D:9      | Killed Gastronok
 11001 | D:9      | Noticed Maurice
 11007 | D:9      | Killed Maurice
 11488 | D:9      | Noticed Erica
 11497 | D:9      | Killed Erica
 11497 | D:9      | Reached XP level 11. HP: 66/92 MP: 11/20
 11833 | D:9      | Offered knowledge of Ignite Poison by Vehumet.
 12005 | D:9      | Noticed Harold
 12029 | D:9      | Killed Harold
 12029 | D:9      | Reached skill level 13 in Conjurations
 12407 | D:10     | Entered Level 10 of the Dungeon
 12428 | D:10     | Found a staircase to the Orcish Mines.
 12429 | D:10     | Noticed a two-headed ogre
 12438 | D:10     | Killed a two-headed ogre
 12558 | D:10     | Noticed an unseen horror
 12568 | D:10     | Killed an unseen horror
 12891 | D:10     | Found a runed translucent gate.
 12891 | D:10     | Found a runed translucent gate.
 12891 | D:10     | Found a runed translucent gate.
 12891 | D:10     | Noticed ragnag's ghost (journeyman CeHu)
 13125 | D:11     | Noticed an unseen horror
 13131 | D:11     | Reached **** piety under Vehumet
 13141 | D:11     | Killed an unseen horror
 13168 | D:11     | Offered knowledge of Fireball by Vehumet.
 13482 | D:11     | Found a staircase to the Lair.
 13499 | D:11     | Noticed a red ugly thing
 13636 | D:11     | Noticed a two-headed ogre
 13644 | D:11     | Killed a two-headed ogre
 13654 | D:11     | Killed a red ugly thing
 13665 | D:11     | Reached skill level 14 in Conjurations
 13890 | D:11     | Found Pakaco Dixt's Weapon Shop.
 14185 | D:11     | Found Ibreker's Pet Rocks.
 14441 | Lair:1   | Entered Level 1 of the Lair of Beasts
 14441 | Lair:1   | Noticed an eight-headed hydra
 14450 | Lair:1   | Killed an eight-headed hydra
 14481 | Lair:1   | Reached XP level 12. HP: 97/105 MP: 23/23
 14673 | Lair:1   | Reached skill level 10 in Fighting
 15014 | Lair:1   | Learned a level 4 spell: Olgreb's Toxic Radiance
 15018 | Lair:1   | Learned a level 3 spell: Ignite Poison
 15479 | Lair:2   | Reached skill level 1 in Poison Magic
 15747 | Lair:2   | Reached skill level 1 in Fire Magic
 15820 | Lair:2   | Got a faintly glowing turquoise ring
 16185 | Lair:2   | Identified the ring "Quxi" {+Blink rPois rC+ Dex+2} (You
                  | found it on level 2 of the Lair of Beasts)
 17333 | Lair:3   | Noticed a five-headed hydra
 17340 | Lair:3   | Killed a five-headed hydra
 17369 | Lair:3   | Reached ***** piety under Vehumet
 17388 | Lair:3   | Offered knowledge of Orb of Destruction by Vehumet.
 17734 | Lair:3   | Noticed a five-headed hydra
 17746 | Lair:3   | Killed a five-headed hydra
 18448 | Lair:3   | Found a hole to the Spider Nest.
 18566 | Lair:3   | Reached skill level 5 in Poison Magic
 18773 | Lair:3   | Reached skill level 15 in Conjurations
 19136 | Lair:3   | Reached XP level 13. HP: 91/113 MP: 22/25
 19153 | Lair:3   | Reached skill level 1 in Transmutations
 19601 | Lair:4   | Found a frozen archway.
 19660 | IceCv    | Entered an ice cave
 19793 | IceCv    | Found a transporter.
 19897 | IceCv    | Offered knowledge of Sticky Flame by Vehumet.
 19914 | IceCv    | Found a transporter.
 20671 | Lair:4   | Found a staircase to the Swamp.
 20710 | Lair:4   | HP: 2/113 [swamp worm/harpoon shot (5)]
 20713 | Lair:4   | Mangled by a tyrant leech

Illustrated notes

Levels and vault maps discovered:
D:1:      sevenhm_arrival_forest_fort_large_2, layout_loops_corners
D:2:      layout_loops_ring, overflow_temple_1_default, corexii_corridor_pit,
          chequers_garden, minmay_misc_feat_alley, uniq_crazy_yiuf_cottage
D:3:      layout_basic, first_ration
D:4:      gammafunk_wand_slinger, layout_basic, vehumet_altar_wand_db
D:5:      layout_rooms, grunt_dithmenos_shadows, okawaru_trees_2, temple_green,
          biasface_ghost_orc_armoury, cheibrodos_sewer_entry_bend,
          minmay_misc_feat_chi
D:6:      layout_loops_corners, tgw_sif
D:7:      gammafunk_the_bubble [the_bubble_gammafunk_split], layout_layer_cave
D:8:      layout_loops_corners, basic_altar, grunt_livestock
D:9:      layout_gridville, hangedman_ru_absence, uniq_erica, uniq_harold,
          uniq_erolcha, uniq_maurice, uniq_gastronok
D:10:     layout_rooms, orc_0_dummy, gammafunk_ghost_spectres
D:11:     layout_loops_cross, minmay_lair_entry_grove, serial_shops,
          nicolae_shop_temple_entry_statues_fountains, guppyfry_shop_earth
Lair:1:   layout_small_grid
Lair:2:   layout_regular_city, minivault_26, serial_bayou_shore_b,
          minmay_lair_oklob_chamber, serial_bayou_shore_a
Lair:3:   layout_gridlike, nicolae_spider_entry_non_spiders, special_room
          [special_room_bee]
Lair:4:   layout_hall_layers, minmay_swamp_entry_worms,
          portal_ice_cave_demonic_guard, eino_small_chamber_without_monster,
          small_statue_intersection, wad_woods_road_06

Skill      XL: |  1  2  3  4  5  6  7  8  9 10 11 12 13 |
---------------+----------------------------------------+-----
Dodging        | 2 4 |  4.4
Conjurations   | 5 6 7 9 10 11 12 14 15 | 15.2
Spellcasting   | 3 4 6 7 8 |  8.5
Hexes          | 1 3 5 6 |  6.0
Fighting       | 3 7 9 10 | 10.0
Poison Magic   | 5 |  5.9
Fire Magic     | 3 4 |  4.4
Transmutations | 2 |  2.4
Stealth        | |  1.7

Action                   |  1- 3 |  4- 6 |  7- 9 | 10-12 | 13-15 || total
-------------------------+-------+-------+-------+-------+-------++-------
Melee: Dagger            |    55 |   102 |   183 |       |       ||   340
       Unarmed           |     8 |       |       |       |       ||     8
       Tailslap          |     4 |    14 |    18 |    25 |     1 ||    62
       Morningstar       |       |       |     4 |   210 |    36 ||   250
 Cast: Magic Dart        |    40 |       |    15 |     7 |     1 ||    63
       Searing Ray       |     5 |    11 |    31 |    79 |    24 ||   150
       Fulminant Prism   |       |       |     2 |    20 |     2 ||    24
       Dazzling Flash    |       |       |     1 |     2 |     1 ||     4
       Olgreb's Toxic Ra |       |       |       |    12 |     8 ||    20
       Ignite Poison     |       |       |       |     3 |     3 ||     6
 Abil: Breathe Steam     |       |       |    10 |    10 |     1 ||    21
  Use: Scroll            |     1 |     2 |     3 |     8 |     6 ||    20
       Potion            |       |       |       |     2 |     2 ||     4
 Stab: Sleeping          |     3 |     3 |     4 |       |     1 ||    11
       Distracted        |       |       |     1 |     2 |       ||     3
       Invisible         |       |       |       |       |     1 ||     1
  Eat: Chunk             |     7 |     7 |    18 |    25 |     1 ||    58
       Ration            |       |       |       |     3 |     1 ||     4
Armor: Skin              |    31 |    46 |    95 |   188 |    71 ||   431
Dodge: Dodged            |    45 |    98 |   176 |   332 |   120 ||   771
